 Dungeon Crawl Stone Soup version 0.31.0-12-g77e489cdc1 (webtiles) character file.

Game seed: 12599389801036060394

2405 Killerpretzel the Changeling (level 9, -2/60 HPs)
             Began as an Octopode Shapeshifter on Mar 6, 2024.
             Slain by Maurice
             ... wielding a +0 dagger
              (4 damage)
             ... on level 7 of the Dungeon.
             The game lasted 00:10:12 (6077 turns).

Killerpretzel the Changeling (OpSh)                 Turns: 6077, Time: 00:10:13

Health: -2/60      AC:  1    Str: 13    XL:     9   Next: 47%
Magic:  17/18      EV: 20    Int: 13    God:
Gold:   0          SH:  6    Dex: 15    Spells: 6/8 levels left

rFire   + .          .
                       - Unarmed
rCold   + . .        o - +1 buckler of Quyre {rF+ rC+}
rNeg    . . .        (helmet currently unavailable)
rPois   +            d - amulet of magic regeneration
rElec   .            h - +5 ring of evasion
rCorr   .            r - ring of magical power
SInv    .            l - ring of poison resistance
Will    .....        (no ring)
Stlth   ++           (no ring)
HPRegen 0.30/turn    (no ring)
MPRegen 0.56/turn    (no ring)
                     (no ring)

%: no passive effects
@: beast-form, hasted, very quick
A: beast (slay +3), almost no armour, amphibious, 8 rings, camouflage 1,
gelatinous body 1, (nimble swimmer 1), tentacles
a: Begin Untransformation


You were on level 7 of the Dungeon.
You were a hulking beast.
You visited 2 branches of the dungeon, and saw 8 of its levels.

Inventory:

Armour
 o - the +1 buckler of Quyre (worn) {rF+ rC+}
   (You acquired it on level 4 of the Dungeon)

   rF+:       It protects you from fire.
   rC+:       It protects you from cold.
Jewellery
 d - an amulet of magic regeneration (around mantle)
 h - a +5 ring of evasion (left tentacle)
 l - a ring of poison resistance (on tentacle)
 r - a ring of magical power (right tentacle)
Talismans
 c - a flux talisman
 g - a blade talisman
Wands
 p - a wand of mindburst (14)
 q - a wand of roots (1)
 v - a wand of digging (3)
Scrolls
 e - a scroll of amnesia
 i - a scroll of identify
 k - 2 scrolls of enchant weapon
 m - a scroll of teleportation
 s - a scroll of immolation
 t - a scroll of brand weapon
 u - a scroll of poison
 y - a scroll of fear
 z - 2 scrolls of fog
 A - a scroll of enchant armour {unknown}
Potions
 a - a potion of ambrosia
 f - 2 potions of enlightenment
 j - a potion of haste
 w - a potion of mutation
 x - 2 potions of resistance {unknown}


   Skills:
 + Level 4.9 Fighting
 + Level 5.2 Dodging
 + Level 3.8 Shields
 + Level 5.6 Unarmed Combat
 + Level 4.1 Translocations
 * Level 6.9 Shapeshifting


You had 6 spell levels left.
You knew the following spells:

 Your Spells              Type           Power      Damage    Failure   Level
a - Blink                 Tloc           20%        N/A       12%         2

Your spell library contained the following spells:

 Spells                   Type           Power      Damage    Failure   Level
 Magic Dart               Conj           0%         1d3       38%         1
 Sting                    Conj/Alch      0%         1d3       38%         1
 Call Imp                 Summ           0%         N/A       52%         2
 Mercury Vapours          Alch/Air       0%         N/A       52%         2
 Mephitic Cloud           Conj/Alch/Air  0%         N/A       77%         3
 Olgreb's Toxic Radiance  Alch           0%         N/A       99%         4
 Summon Forest            Summ/Tloc      2%         N/A       99%         5
 Freezing Cloud           Conj/Ice/Air   0%         6-21      100%        5
 Eringya's Noxious Bog    Alch           0%         4d6       100%        6
 Summon Hydra             Summ           0%         N/A       100%        7


Dungeon Overview and Level Annotations

Branches:
Dungeon (7/15)             Temple (1/1) D:6

Altars:
Ashenzari
Cheibriados
Dithmenos
Elyvilon
Fedhas
Gozag
Hepliaklqana
Kikubaaqudgha
Makhleb
Nemelex Xobeh
Qazlal
Ru
Sif Muna
Trog
Uskayaw
Wu Jian
Xom
Yredelemnul
Zin
The Shining One

Shops:
D:2 :

Annotations:
D:7 Maurice


Innate Abilities, Weirdness & Mutations

You are a hulking beast.
Your limbs bulge with bestial killing power. (Slay +3)
You cannot wear most types of armour.
You are amphibious.
You can wear up to eight rings at the same time.
Your skin changes colour to match your surroundings (Stealth+).
Your rubbery body absorbs attacks. (AC +1, EV +1)
((You are camouflaged when in or above water. (Stealth+)))
You have tentacles for arms and can constrict up to eight enemies at once.


Message History

No target in view!
No target in view!
No target in view!
Maurice is nearby!
You throw a javelin. The javelin pierces through Maurice.
Maurice is lightly wounded.
Maurice picks up a javelin.
You throw a javelin. The javelin pierces through Maurice!
Maurice is moderately wounded.
Maurice picks up a javelin.
Nothing quivered!
Maurice mumbles some strange words.
Maurice flickers and vanishes!
Deactivating autopickup; reactivate with Ctrl-A.
You hear a zap.
A bolt of light appears from out of thin air!
The bolt of light misses you.
You hear a zap.
A bolt of light appears from out of thin air!
The bolt of light hits you!!
You are confused.
You hear a zap.
A bolt of light appears from out of thin air!
The bolt of light hits you! Something hits you.
Something steals your beast talisman! Something bites you.
* * * LOW HITPOINT WARNING * * *
You feel your power leaking away. Something drains your magic.
You feel less confused.
A javelin appears from out of thin air!
The javelin barely misses you.
You feel yourself speed up.
A javelin appears from out of thin air!
The javelin pierces through you!
* * * LOW HITPOINT WARNING * * *
Something barely misses you. x2
You miss something. Your squeeze misses something. You tentacle-slap something.
Something hits you.
* * * LOW HITPOINT WARNING * * *
Something steals 242 gold pieces!
You now have 0 gold pieces.
Something bites you.
You die...

####. #..h........# ..
#...........# ####.###
##..........## ##
#....... #......#...##
.#
...!......##.#.#.######
..# ..?.......#......#
...# #.#.......#....((#
#.###.#.......{.#!...# .
#......#...#.#h......#
.##......##............#
###.# #.............####
#.# #.....<......##
###.###......#.....#
........#.........?#
##..###.#.........##
#..####.#.....#...#####
#.###...#..#..........#


There were no monsters in sight!

Vanquished Creatures
  Duvessa (D:7)
  2 orc warriors
  A sky beast (D:6)
  An ice beast (D:7)
  2 black bears (D:7)
  2 ogres
  2 centaurs (D:6)
  2 phantoms (D:6)
  2 bullfrogs (D:7)
  A scorpion (D:6)
  Dowan (D:7)
  2 bombardier beetles
  4 jellies
  7 hounds
  3 orc priests
  5 iguanas
  2 sleepcaps
  Ijyb (D:4)
  2 orc wizards
  Robin (D:2)
  4 gnolls (D:5)
  12 adders
  4 shadow imps
  A white imp (D:6)
  An ufetubus (D:6)
  3 ribbon worms
  A dart slug (D:2)
  8 orcs
  2 bats
  5 endoplasms
  A giant cockroach (D:2)
  10 goblins
  7 hobgoblins
  3 jackals (D:3)
  2 quokkas
  6 ball pythons
  5 frilled lizards
  A kobold (D:4)
  5 rats
125 creatures vanquished.

Notes
Turn   | Place    | Note
-------+----------+-------------------------------------------
     0 | D:1      | Killerpretzel the Octopode Shapeshifter began the quest for
                  | the Orb.
     0 | D:1      | Reached XP level 1. HP: 13/13 MP: 1/1
   247 | D:1      | Reached XP level 2. HP: 18/18 MP: 2/2
   792 | D:2      | You fall into a shaft and drop 1 floor!
   926 | D:2      | Reached XP level 3. HP: 23/23 MP: 3/3
  1017 | D:2      | Noticed Robin
  1046 | D:2      | Killed Robin
  1047 | D:2      | Reached XP level 4. HP: 12/29 MP: 4/4
  1450 | D:2      | Found Xyehan's Vocational Training.
  1760 | D:3      | Learned a level 2 spell: Blink
  1951 | D:3      | Reached skill level 4 in Shapeshifting
  2231 | D:4      | Reached XP level 5. HP: 34/34 MP: 5/5
  2325 | D:4      | Identified the +4 chain mail of Unambiguity {Int+4 Slay+3}
  2675 | D:4      | Noticed Ijyb
  2687 | D:4      | Killed Ijyb
  2688 | D:4      | Reached skill level 1 in Translocations
  2794 | D:4      | Reached XP level 6. HP: 24/41 MP: 6/6
  3106 | D:4      | Identified a scroll of acquirement
  3106 | D:4      | Acquired the +1 buckler of Quyre {rF+ rC+}
  3148 | D:5      | Entered Level 5 of the Dungeon
  3625 | D:5      | Reached skill level 1 in Shields
  3625 | D:5      | Reached XP level 7. HP: 43/46 MP: 7/7
  3961 | D:5      | Reached skill level 5 in Shapeshifting
  4134 | D:7      | Found a basalt altar of Yredelemnul.
  4143 | D:7      | Reached XP level 8. HP: 23/53 MP: 8/8
  4610 | D:6      | Found a staircase to the Ecumenical Temple.
  4687 | Temple   | Entered the Ecumenical Temple
  4873 | D:6      | Reached skill level 6 in Shapeshifting
  4899 | D:6      | Reached skill level 5 in Unarmed Combat
  5560 | D:7      | Noticed Duvessa
  5560 | D:7      | Noticed Dowan
  5570 | D:7      | Killed Duvessa
  5571 | D:7      | Reached XP level 9. HP: 41/59 MP: 9/9
  5634 | D:7      | Killed Dowan
  5709 | D:7      | Reached skill level 5 in Dodging
  5960 | D:7      | Noticed Maurice
  6072 | D:7      | Something stole a beast talisman
  6077 | D:7      | HP: 2/60 [something (4)]
  6077 | D:7      | Something stole 242 gold
  6077 | D:7      | Slain by Maurice

Illustrated notes

Levels and vault maps discovered:
D:1:      spicycebolla_arrival_risky_transporter, layout_loops_ring,
          grunt_decor_resistance, minmay_misc_feat_doors
D:2:      layout_basic, chequers_serial_rivers_large_b, nicolae_shop_vocational,
          uniq_robin
D:3:      layout_rooms, serial_bayou_ford_a, minmay_hedge_maze
D:4:      layout_loops_corners, uniq_ijyb
D:5:      layout_rooms, serial_corexii_hall, chequers_hall_statues_y,
          chequers_hall_statues_wall_a
D:6:      minmay_razor_zed, layout_rooms, minmay_temple_entry_poolview
D:7:      layout_rooms, mainiacjoe_overflow_tiny_flanked, uniq_maurice,
          uniq_duvessa
Temple:   hellmonk_temple_of_storms

Skill      XL: |  1  2  3  4  5  6  7  8  9 |
---------------+----------------------------+-----
Fighting       | 2 3 4 |  4.9
Shapeshifting  | 4 5 6 |  6.9
Dodging        | 3 4 5 |  5.2
Translocations | 1 2 3 4 |  4.1
Unarmed Combat | 4 5 |  5.6
Shields        | 1 2 3 |  3.8

Action                     |  1- 3 |  4- 6 |  7- 9 || total
---------------------------+-------+-------+-------++-------
  Melee: Unarmed           |    59 |   111 |   216 ||   386
         Constrict         |    17 |    29 |    33 ||    79
         Tentacles         |    11 |    23 |    52 ||    86
         Punch             |       |     2 |     6 ||     8
  Throw: Javelin           |       |     2 |     6 ||     8
    Use: Scroll            |     4 |     9 |     7 ||    20
         Potion            |       |     2 |     4 ||     6
   Stab: Sleeping          |     3 |     6 |       ||     9
         Distracted        |     1 |       |       ||     1
 Armour: Skin              |    25 |    25 |   103 ||   153
  Dodge: Dodged            |    36 |    74 |   163 ||   273
  Block: Buckler           |       |     6 |    63 ||    69
   Form: Beast             |       |     1 |       ||     1
